 Dungeon Crawl Stone Soup version 0.29-a0-550-g81e455f4c2 (webtiles) character file.

Game seed: 16406746180514455893

240 Lekart the Skirmisher (level 5, -2/47 HPs)
             Began as a Draconian Abyssal Knight on June 5, 2022.
             Was a Priest of Lugonu.
             Succumbed to a scorpion's poison
             ... on level 4 of the Dungeon.
             The game lasted 00:06:08 (4334 turns).

Lekart the Skirmisher (Draconian Abyssal Knight)    Turns: 4334, Time: 00:06:08

Health: -2/47      AC:  7    Str: 15    XL:     5   Next: 79%
Magic:  6/7        EV: 13    Int: 11    God:    Lugonu [***...]
Gold:   264        SH:  0    Dex: 15    Spells: 4/4 levels left

rFire   . . .      SeeInvis +   a - +1 hand axe
rCold   . . .      Faith    .   (no shield)
rNeg    . . .      Spirit   .   (body armour unavailable)
rPois   .          Reflect  .   (helmet restricted)
rElec   .          Harm     .   g - +0 cloak
rCorr   .          Rampage  .   t - +0 pair of gloves
Will    .....                   (no boots)
Stlth   ++........              (no amulet)
HPRegen 0.00/turn               k - ring of see invisible
MPRegen 0.10/turn               (no ring)

@: lethally poisoned (-2 -> -19), flying, inhibited regen
A: AC +5, unfitting armour, cold-blooded, thin skeletal structure 1, inhibited
regeneration
a: Renounce Religion, Depart the Abyss, Bend Space, Banish


You were on level 4 of the Dungeon.
You worshipped Lugonu.
Lugonu was most pleased with you.
You visited 1 branch of the dungeon, and saw 4 of its levels.
You visited the Abyss 1 time.

You collected 264 gold pieces.

Inventory:

Hand Weapons
 a - a +1 hand axe (weapon)
Missiles
 n - 3 poisoned darts (quivered)
Armour
 g - a +0 cloak (worn)
 t - a +0 pair of gloves (worn)
Jewellery
 j - a ring of ice
 k - a ring of see invisible (left hand)
Scrolls
 d - 2 scrolls of identify {unknown}
 f - 2 scrolls of teleportation {unknown}
 i - a scroll of enchant armour {unknown}
 l - a scroll of fear {unknown}
 o - 3 scrolls of fog {unknown}
 p - a scroll of immolation {unknown}
Potions
 c - 3 potions of flight
 m - a potion of might {unknown}
 q - a potion of degeneration {unknown}
 r - a potion of resistance {unknown}
 s - a potion of heal wounds {unknown}


   Skills:
 + Level 4.3 Fighting
 + Level 4.0 Axes
 + Level 1.3 Throwing
 + Level 2.9 Dodging
 * Level 3.2 Invocations


You had 4 spell levels left.
You didn't know any spells.
Your spell library contained the following spells:

 Spells                   Type           Power      Damage    Failure   Level
 Static Discharge         Conj/Air       0%         N/A       47%         2
 Lightning Bolt           Conj/Air       0%         1d11      100%        5
 Maxwell's Capacitive Co  Air            0%         ∞         100%        8


Dungeon Overview and Level Annotations

Branches:
Dungeon (4/15)
 Temple: D:4-7

Altars:
Cheibriados
Hepliaklqana
Makhleb
Nemelex Xobeh

Annotations:
D:3 exclusion: downstairs


Innate Abilities, Weirdness & Mutations

Your plain brown scales are hard. (AC +5)
You cannot fit into any form of body armour.
You are cold-blooded and may be slowed by cold attacks.
You have a somewhat thin skeletal structure. (Dex +2, Stealth+)
You do not regenerate when monsters are visible.


Message History

* * * LOW HITPOINT WARNING * * *
The scorpion closely misses you.
You feel better. The orc wizard closely misses you.
The scorpion closely misses you.
You hit the orc wizard but do no damage.
Your tail-slap misses the orc wizard.
The orc wizard is almost dead.
You closely miss the scorpion.
The orc wizard points at you and mumbles some strange words.
The puff of flame hits you but does no damage.
The scorpion stings you but does no damage.
The orc wizard hits you with a +0 dagger.
Press: ? - help, Shift-Dir - straight line, f - scorpion
Aim: a scorpion (chance to affect: 81%)
You fail to use your ability.
The scorpion stings you.
You are poisoned.
The scorpion poisons you!
The orc wizard hits you but does no damage.
Okay, then.
Press: ? - help, Shift-Dir - straight line, f/p - scorpion
Aim: a scorpion (chance to affect: 81%)
You fail to use your ability.
You feel sick. The scorpion stings you.
* * * LOW HITPOINT WARNING * * *
You are lethally poisoned!
The scorpion poisons you!
The orc wizard points at you and mumbles some strange words.
The magic dart hits you.
* * * LOW HITPOINT WARNING * * *
Press: ? - help, Shift-Dir - straight line, f/p - scorpion
Aim: a scorpion (chance to affect: 81%)
Okay, then.
Space bends violently around you!
You blink.
* * * LOW HITPOINT WARNING * * *
You feel very sick.
The orc wizard gestures at you while chanting.
You resist with some effort.
It was a potion of mutation.
You feel extremely strange.
Your regeneration stops near monsters.
You feel clumsy.
You feel agile.
Your bones become slightly less dense.
You die...

#.# #.#
#..##########......
#.# #.#
#.............#####
#.# #.##
#..############ #.#
#..# #..# #.# ##.#
###..# #.# #.#
#....#
#.####.###....#
#............#####
######.####..@.os#
#.# #...##)# #.#
#...##.# #.#
#....#...s.... #.#
#.....#########
...#.......
##.##.....(.
........


You could see a scorpion and an orc wizard.

Vanquished Creatures
  A hound (D:3)
  A jelly (D:4)
  3 orc wizards (D:4)
  2 adders
  2 worms
  4 dart slugs
  An orc (D:4)
  9 bats
  8 endoplasms
  5 giant cockroaches
  2 goblins
  6 hobgoblins
  5 jackals (D:3)
  8 kobolds
  2 quokkas
  7 ball pythons
  4 frilled lizards
  5 rats
75 creatures vanquished.

Vanquished Creatures (others)
  2 plants (D:1)
2 creatures vanquished.

Grand Total: 77 creatures vanquished

Notes
Turn   | Place    | Note
-------+----------+-------------------------------------------
     0 | Abyss:1  | Lekart the Draconian Abyssal Knight began the quest for the
                  | Orb.
     0 | Abyss:1  | Reached XP level 1. HP: 19/19 MP: 2/2
    40 | Abyss:1  | Found a corrupted altar of Lugonu.
    47 | Abyss:1  | Found a corrupted altar of Lugonu.
   100 | Abyss:1  | Found a corrupted altar of Lugonu.
   108 | Abyss:1  | Found a corrupted altar of Lugonu.
   127 | Abyss:1  | Found a corrupted altar of Lugonu.
   129 | Abyss:1  | Noticed a tentacled starspawn
   130 | D:1      | Escaped the Abyss
   360 | D:1      | Reached XP level 2. HP: 26/26 MP: 3/3
   612 | D:1      | Found a faded altar of an unknown god.
  1211 | D:1      | Reached XP level 3. HP: 33/33 MP: 4/4
  2027 | D:2      | Reached *** piety under Lugonu
  2379 | D:3      | Found a sparkling altar of Nemelex Xobeh.
  2425 | D:3      | Reached XP level 4. HP: 37/40 MP: 5/5
  2460 | D:3      | Found a burning altar of Makhleb.
  2895 | D:3      | Found a hazy altar of Hepliaklqana.
  3195 | D:3      | Found a snail-covered altar of Cheibriados.
  3700 | D:3      | Reached skill level 1 in Throwing
  3904 | D:4      | Noticed a lemure
  4028 | D:4      | Reached XP level 5. HP: 46/46 MP: 7/7
  4333 | D:4      | HP: 2/47 [poisoned by a scorpion]
  4334 | D:4      | Gained mutation: You do not regenerate when monsters are
                  | visible. [potion of mutation]
  4334 | D:4      | Gained mutation: You are clumsy. (Dex -2) [potion of
                  | mutation]
  4334 | D:4      | Lost mutation: You are clumsy. (Dex -2) [potion of
                  | mutation]
  4334 | D:4      | Gained mutation: You have a somewhat thin skeletal
                  | structure. (Dex +2, Stealth+) [potion of mutation]
  4334 | D:4      | Succumbed to a scorpion's poison

Illustrated notes

Levels and vault maps discovered:
D:1:      amcnicky_arrival_blooded_trapdoor, layout_rooms,
          shapermc_ecumenical_altar_ellora, chequers_serial_rivers_small_3,
          serial_bayou_pond_b, hangedman_abyss_or_decor_lesser_grid
D:2:      layout_basic, minmay_fractal_squares_5
D:3:      wad_crossroads, layout_loops_corners, cheibrodos_worm_habitat,
          mainiacjoe_overflow_concentric_impassable, overflow_temple_1_default,
          amcnicky_altar_gilded, chequers_serial_rivers_large_b
D:4:      layout_loops_ring, grunt_temple_overflow_diamond,
          minmay_temple_entry_tees, mrwooster_statue_mirror, minmay_bent,
          uniq_pikel

Skill      XL: |  1  2  3  4  5 |
---------------+----------------+-----
Fighting       | 4 |  4.3
Axes           | 3 4 |  4.0
Throwing       | 1 |  1.3
Invocations    | 3 |  3.2
Dodging        | |  2.9

Action                   |  1- 3 |  4- 6 || total
-------------------------+-------+-------++-------
Melee: Hand axe          |   124 |   100 ||   224
       Tailslap          |     7 |    10 ||    17
       Punch             |     1 |       ||     1
Throw: Dart              |    31 |    23 ||    54
Invok: Depart the Abyss  |     1 |       ||     1
       Bend Space        |       |     1 ||     1
  Use: Potion            |       |     5 ||     5
 Stab: Invisible         |     1 |     2 ||     3
Armor: Skin              |    38 |    38 ||    76
Dodge: Dodged            |    91 |    75 ||   166

Table legend: (Time is in decaauts)
 A = Elapsed time spent in this place.
 B = Non-inter-level travel time spent in this place.
 C = Inter-level travel time spent in this place.
 D = Time resting spent in this place.
 E = Time spent auto-exploring this place.
 F = Levels seen in this place.
 G = Mean time per level.
                   A        B        C        D        E       F      G
               +--------+--------+--------+--------+--------+-----+--------+
         Total |   4411 |   4341 |     70 |    387 |   3254 |   5 |  882.2 |
       Dungeon |   4281 |   4211 |     70 |    387 |   3128 |   4 | 1070.2 |
         Abyss |    130 |    130 |      0 |      0 |    126 |   1 |  130.0 |
               +--------+--------+--------+--------+--------+-----+--------+

Top non-repeatable levels by time:
     D:3: 1631 daAuts
     D:1: 1226 daAuts
     D:2: 977 daAuts
     D:4: 445 daAuts
 Abyss:1: 130 daAuts
